 Dungeon Crawl Stone Soup version 0.22-a0-78-g0f8607c (webtiles) character file.

357 Dobeq the Chopper (level 6, 0/48 HPs)
             Began as a Human Berserker on Jan 16, 2018.
             Was a Believer of Trog.
             Slain by a hornet zombie (10 damage)
             ... in an ossuary.
             The game lasted 00:14:44 (3013 turns).

Dobeq the Chopper (Human Berserker)                 Turns: 3013, Time: 00:14:45

Health: 0/48       AC:  7    Str: 19    XL:     6   Next: 96%
Magic:  6/6        EV: 12    Int:  9    God:    Trog [**....]
Gold:   191        SH:  0    Dex: 13    Spells: 5/5 levels left

rFire    . . .     SeeInvis +   a - +0 hand axe
rCold    . . .     Gourm    .   (no shield)
rNeg     . . .     Faith    .   s - +0 ring mail
rPois    .         Spirit   .   (no helmet)
rElec    .         Reflect  .   (no cloak)
rCorr    .         Harm     +   o - +1 pair of gloves
MR       ++...                  (no boots)
Stlth    +.........             e - amulet of harm
HPRegen  1.16/turn              j - ring of see invisible
MPRegen  0.10/turn              v - +2 ring of intelligence

@: regenerating
A: no striking features
a: Berserk, Trog's Hand, Burn Spellbooks, Renounce Religion


You were in an ossuary.
You worshipped Trog.
Trog was pleased with you.
You were hungry.

You visited 1 branch of the dungeon, and saw 5 of its levels.
You also visited: Ossuary.

You collected 191 gold pieces.

Inventory:

Hand Weapons
 a - a +0 hand axe (weapon)
Armour
 b - a +0 animal skin
 o - a +1 pair of gloves (worn)
 r - a +0 pair of gloves
 s - a +0 ring mail (worn)
Jewellery
 e - an amulet of harm (around neck)
 j - a ring of see invisible (left hand)
 l - an uncursed ring of fire
 m - an uncursed ring of protection from cold
 p - an uncursed ring of magical power
 t - an uncursed amulet of rage
 v - a +2 ring of intelligence (right hand)
Scrolls
 g - a scroll of remove curse {unknown}
 i - 4 scrolls of identify
 k - 2 scrolls of fear {unknown}
 n - 3 scrolls of teleportation {unknown}
 u - 2 scrolls of noise {unknown}
 w - a scroll of magic mapping {unknown}
 x - a scroll of fog {unknown}
 y - a scroll of random uselessness {unknown}
Potions
 d - a potion of magic {unknown}
 f - a potion of agility {unknown}
 h - 4 potions of curing {unknown}
 q - a potion of cancellation {unknown}
Comestibles
 c - 8 rations


   Skills:
 + Level 4.1 Fighting
 + Level 5.3 Axes
 + Level 2.9 Armour
 + Level 3.2 Dodging
 + Level 1.5 Stealth


You had 5 spell levels left.
You didn't know any spells.

Dungeon Overview and Level Annotations

Branches:
Dungeon (5/15)             Temple (0/1) D:4

Altars:
Fedhas
Hepliaklqana


Message History

Your unstable footing causes you to fumble your attack.
The hornet zombie hits you.
The bog mummy splashes around in the water.
Your skin crawls.
You feel resistant to hostile enchantments.
You feel somewhat more hungry. The hornet zombie hits you.
The bog mummy hits you.
A worker ant zombie comes into view.
The hornet zombie barely misses you.
The bog mummy gestures at you while chanting.
The puff of frost hits you!
* * * LOW HITPOINT WARNING * * *
You hit the hornet zombie but do no damage.
The hornet zombie hits you!
* * * LOW HITPOINT WARNING * * *
The hornet zombie closely misses you.
You hit the hornet zombie.
The hornet zombie is lightly damaged.
The hornet zombie hits you!
You die...

# #≈≈ # ## ≈#
#≈≈#≈ #≈##≈
≈≈≈≈
#≈#≈##≈≈###
#.≈.≈P≈.≈≈#
.Z.#.≈.≈.#.≈##≈
≈≈≈.≈≈≈M...≈P≈≈
#+##+##Z##≈≈≈##
#..@# .≈# #.∩.#
≈ #∩..# #####


You could see a bog mummy and a hornet zombie.

Vanquished Creatures
  Purgy (D:4)
  An ogre (D:4)
  An orc priest (D:2)
  A bullfrog skeleton (D:4)
  A worker ant (D:4)
  An adder (D:4)
  2 worms (D:3)
  3 dart slugs (D:1)
  3 leopard geckos
  7 orcs
  A ball python (D:1)
  2 giant cockroaches (D:3)
  9 goblins
  3 hobgoblins
  8 jackals
  7 kobolds
  3 quokkas
  7 bats
  2 frilled lizards (D:2)
  5 rats
68 creatures vanquished.

Notes
Turn   | Place    | Note
-------+----------+-------------------------------------------
     0 | D:1      | Dobeq the Human Berserker began the quest for the Orb.
     0 | D:1      | Reached XP level 1. HP: 18/18 MP: 1/1
    75 | D:1      | Reached XP level 2. HP: 24/24 MP: 2/2
   241 | D:1      | Reached XP level 3. HP: 22/29 MP: 3/3
   591 | D:2      | Found a blossoming altar of Fedhas.
   673 | D:2      | Reached ** piety under Trog
  1050 | D:2      | Reached XP level 4. HP: 32/35 MP: 4/4
  1199 | D:2      | Reached skill level 4 in Axes
  1521 | D:3      | Reached skill level 1 in Stealth
  1646 | D:3      | Reached XP level 5. HP: 26/42 MP: 5/5
  2206 | D:4      | Noticed an ogre
  2210 | D:4      | Killed an ogre
  2210 | D:4      | Reached skill level 5 in Axes
  2210 | D:4      | Reached XP level 6. HP: 36/48 MP: 6/6
  2362 | D:4      | Found a staircase to the Ecumenical Temple.
  2414 | D:4      | Noticed Purgy
  2429 | D:4      | Killed Purgy
  2480 | D:4      | Reached *** piety under Trog
  2750 | D:4      | Found a hazy altar of Hepliaklqana.
  2950 | D:5      | Entered Level 5 of the Dungeon
  2990 | D:5      | Found a sand-covered staircase.
  2998 | Ossuary  | Entered an ossuary
  3013 | Ossuary  | Slain by a hornet zombie

Vault maps used:
D:1:      dpeg_arrival_long_road
D:2:      first_ration, fedhas_altar_3
D:4:      kennysheep_mini_moat, minmay_temple_entry_statues, uniq_purgy
D:5:      nicolae_overflow_hidden_temple, chequers_ossuary_entry_cave
Ossuary:  ossuary_zaba_flooded

Skill      XL: |  1  2  3  4  5  6 |
---------------+-------------------+-----
Axes           | 4 5 |  5.3
Stealth        | 1 |  1.5
Dodging        | 3 |  3.2
Fighting       | 4 |  4.1
Armour         | |  2.9

Action                   |  1- 3 |  4- 6 || total
-------------------------+-------+-------++-------
Melee: Hand axe          |    71 |   129 ||   200
Invok: Berserk           |     1 |     6 ||     7
       Trog's Hand       |       |     2 ||     2
       Burn Spellbooks   |       |     1 ||     1
  Use: Scroll            |       |     1 ||     1
 Stab: Sleeping          |     3 |       ||     3
  Eat: Chunk             |     1 |    12 ||    13
Armor: Animal skin       |    10 |     9 ||    19
       Ring mail         |       |    32 ||    32
Dodge: Dodged            |    50 |    85 ||   135

Table legend:
 A = Spawn XP
 B = Non-spawn XP
 C = Spawn XP percentage of total XP
 D = Spawn monster count
 E = Non-spawn monster count
 F = Spawn count percentage of total count
 G = Total turns spent on level
                    A         B        C        D         E        F      G
               +---------+---------+-------+---------+---------+-------+---------
         Total |       0 |     510 |   0.0 |       0 |      68 |   0.0 |  3013
               +---------+---------+-------+---------+---------+-------+---------
           D:1 |       0 |      33 |   0.0 |       0 |      15 |   0.0 |   501
           D:2 |       0 |      92 |   0.0 |       0 |      26 |   0.0 |  1010
           D:3 |       0 |      49 |   0.0 |       0 |      21 |   0.0 |   508
           D:4 |       0 |     336 |   0.0 |       0 |       6 |   0.0 |   931
               +---------+---------+-------+---------+---------+-------+---------
